 Dungeon Crawl Stone Soup version 0.26-a0-646-g5d77183 (webtiles) character file.

Game seed: 6968415910369040890

149 robertstho the Caller (level 5, 0/28 HPs)
             Began as a Deep Elf Summoner on Sept 23, 2020.
             Slain by a gnoll (6 damage)
             ... on level 3 of the Dungeon.
             The game lasted 00:04:46 (3587 turns).

robertstho the Caller (Deep Elf Summoner)           Turns: 3587, Time: 00:04:47

Health: 0/28       AC:  3    Str:  5    XL:     5   Next: 9%
Magic:  10/13      EV: 13    Int: 21    God:
Gold:   172        SH:  0    Dex: 15    Spells: 10/13 levels left

rFire    . . .     SeeInvis .   e - +1 hand axe (distort)
rCold    . . .     Faith    .   (no shield)
rNeg     . . .     Spirit   .   a - +1 robe
rPois    .         Reflect  .   (no helmet)
rElec    .         Harm     .   (no cloak)
rCorr    .         Rampage  .   (no gloves)
MR       .....                  (no boots)
Stlth    ++........             (no amulet)
HPRegen  0.09/turn              (no ring)
MPRegen  0.13/turn              (no ring)

@: no status effects
A: no striking features
a: no special abilities


You were on level 3 of the Dungeon.
You visited 1 branch of the dungeon, and saw 4 of its levels.

You collected 172 gold pieces.

Inventory:

Hand Weapons
 e - a +1 hand axe of distortion (weapon)
Armour
 a - a +1 robe (worn)
 r - a scarf of harm
Wands
 m - a wand of enslavement (7)
Scrolls
 b - 2 scrolls of teleportation
 g - 2 scrolls of fear {unknown}
 h - a scroll of magic mapping {unknown}
 i - a scroll of blinking {unknown}
 n - a scroll of remove curse {unknown}
 p - a scroll of random uselessness {unknown}
Potions
 c - a potion of flight
 d - 3 potions of curing
 f - 2 potions of mutation
 j - a potion of heal wounds {unknown}
 k - 3 potions of brilliance {unknown}
 l - 2 potions of lignification {unknown}
 o - a potion of degeneration {unknown}
 q - a potion of resistance {unknown}
 s - a potion of stabbing {unknown}


   Skills:
 + Level 0.7 Fighting
 + Level 1.3 Axes
 + Level 2.8 Dodging
 + Level 2.8 Stealth
 + Level 0.3 Unarmed Combat
 + Level 4.6 Spellcasting
 + Level 5.3 Summonings


You had 10 spell levels left.
You knew the following spells:

 Your Spells              Type           Power        Failure   Level
a - Summon Small Mammal   Summ           ####         1%          1
b - Call Imp              Summ           ####....     1%          2

Your spell library contained the following spells:

 Spells                   Type           Power        Failure   Level
 Call Canine Familiar     Summ           ####....     3%          3
 Summon Guardian Golem    Hex/Summ       ###.....     12%         3
 Summon Ice Beast         Ice/Summ       ###.....     36%         4
 Summon Lightning Spire   Summ/Air       ###.....     36%         4


Dungeon Overview and Level Annotations

Branches:
Dungeon (4/15)
 Temple: D:4-7

Altars:
Nemelex Xobeh
Okawaru
Wu Jian
Xom
Yredelemnul


Message History

* * * LOW HITPOINT WARNING * * *
Casting: Call Imp (safe; 1% risk of failure)
Confirm with . or Enter, or press ? or * to list all spells.
You don't know that spell.
Casting: Call Imp (safe; 1% risk of failure)
Confirm with . or Enter, or press ? or * to list all spells.
A metallic apparition takes form in the air.
The gnoll closely misses you.
Unknown command.
The gnoll closely misses you.
Casting: Call Imp (safe; 1% risk of failure)
Confirm with . or Enter, or press ? or * to list all spells.
The gnoll closely misses you.
Your bat hits the gnoll but does no damage.
Your bat barely misses the gnoll.
Your bat completely misses the gnoll.
Your bat hits the gnoll.
Casting: Summon Small Mammal (safe; 1% risk of failure)
Confirm with . or Enter, or press ? or * to list all spells.
The gnoll hits you.
You die...

............#####.#.#............
............##....#.#............
............##...................
............##....[......[.......
............####.................
............................(..<.
...............r.5.>##.(.........
................g############....
##.....###......@.........###...⌠
#.....##...#.....#####....##....
##.....##...#.....#.(......##...⌠
............#....................
)...........####.................
†..........................(.....
†.........######..............[..
..........#...............)..####
...#.####.#..................#


You could see a gnoll, a friendly iron imp (summoned) and a friendly quokka
(summoned).

Vanquished Creatures
  Jessica (D:2)
  A gnoll (D:4)
  3 adders (D:2)
  An ooze (D:2)
  A worm (D:2)
  4 orcs (D:3)
  3 giant cockroaches
  3 goblins
  3 hobgoblins
  2 quokkas (D:2)
  A ball python (D:3)
  A frilled lizard (D:4)
  2 kobolds (D:2)
  5 rats
31 creatures vanquished.

Vanquished Creatures (collateral kills)
  2 dart slugs (D:1)
  3 bats
  6 goblins
  4 hobgoblins (D:1)
  3 jackals (D:1)
  A ball python (D:1)
  A frilled lizard (D:1)
  A kobold (D:1)
  3 rats
24 creatures vanquished.

Grand Total: 55 creatures vanquished

Notes
Turn   | Place    | Note
-------+----------+-------------------------------------------
     0 | D:1      | robertstho the Deep Elf Summoner began the quest for the
                  | Orb.
     0 | D:1      | Reached XP level 1. HP: 10/10 MP: 6/6
   586 | D:1      | Reached XP level 2. HP: 15/15 MP: 5/8
   669 | D:1      | Learned a level 2 spell: Call Imp
  1657 | D:2      | Found a shimmering altar of Xom.
  1657 | D:2      | Found an iron altar of Okawaru.
  1657 | D:2      | Found a basalt altar of Yredelemnul.
  1657 | D:2      | Found an ornate altar of the Wu Jian Council.
  1825 | D:2      | Noticed Jessica
  1834 | D:2      | Killed Jessica
  1834 | D:2      | Reached skill level 5 in Summonings
  1834 | D:2      | Reached XP level 3. HP: 10/19 MP: 5/10
  2191 | D:2      | Reached XP level 4. HP: 18/24 MP: 12/12
  2821 | D:3      | Found a sparkling altar of Nemelex Xobeh.
  3402 | D:3      | Reached skill level 1 in Axes
  3563 | D:4      | Reached XP level 5. HP: 20/28 MP: 13/13
  3587 | D:3      | Slain by a gnoll

Illustrated notes

Levels and vault maps discovered:
D:1:      dpeg_arrival_shrine, layout_basic, minmay_misc_feat_nine_boxes
D:2:      layout_loops_ring, chequers_temple_overflow_statue_of_worship,
          kennysheep_jessica_study
D:3:      layout_basic, nemelex_xobeh_ov_fountains_minmay
D:4:      minmay_diamond_boxcup, layout_loops_ring, grunt_qazlal_sundering,
          minmay_temple_entry_nine_rooms, led_sif_pool

Skill      XL: |  1  2  3  4 |
---------------+-------------+-----
Spellcasting   | 4 |  4.6
Summonings     | 5 |  5.3
Axes           | 1 |  1.3
Fighting       | |  0.7
Dodging        | |  2.8
Stealth        | |  2.8
Unarmed Combat | |  0.3

Action                   |  1- 3 |  4- 6 || total
-------------------------+-------+-------++-------
Melee: Unarmed           |     7 |       ||     7
       Hand axe          |    31 |    56 ||    87
 Cast: Summon Small Mamm |    22 |     2 ||    24
       Call Imp          |    18 |     4 ||    22
Evoke: Wand              |       |     1 ||     1
  Use: Scroll            |     3 |     3 ||     6
 Stab: Sleeping          |       |     2 ||     2
Armor: Robe              |     1 |    15 ||    16
Dodge: Dodged            |    25 |    40 ||    65

Table legend: (Time is in decaauts)
 A = Elapsed time spent in this place.
 B = Non-inter-level travel time spent in this place.
 C = Inter-level travel time spent in this place.
 D = Time resting spent in this place.
 E = Time spent auto-exploring this place.
 F = Levels seen in this place.
 G = Mean time per level.
                   A        B        C        D        E       F      G
               +--------+--------+--------+--------+--------+-----+--------+
         Total |   3611 |   3533 |     78 |    230 |   2778 |   4 |  902.8 |
       Dungeon |   3611 |   3533 |     78 |    230 |   2778 |   4 |  902.8 |
               +--------+--------+--------+--------+--------+-----+--------+

Top non-repeatable levels by time:
     D:1: 1620 daAuts
     D:2: 1145 daAuts
     D:3: 790 daAuts
     D:4: 53 daAuts
